 Dungeon Crawl Stone Soup version 0.28-a0-429-g1448048969 (webtiles) character file.

Game seed: 345033132178467965

52 Gargoyl the Skirmisher (level 3, 0/35 HPs)
             Began as a Gnoll Abyssal Knight on Sept 10, 2021.
             Was a Follower of Lugonu.
             Slain by a kobold (2 damage)
             ... on level 2 of the Dungeon.
             The game lasted 00:01:55 (1634 turns).

Gargoyl the Skirmisher (Gnoll Abyssal Knight)       Turns: 1634, Time: 00:01:56

Health: 0/35       AC:  4    Str: 12    XL:     3   Next: 85%
Magic:  6/6        EV:  9    Int: 11    God:    Lugonu [*.....]
Gold:   83         SH:  7    Dex: 11    Spells: 4/4 levels left

rFire   . . .      SeeInvis .   a - +1 hand axe (freeze)
rCold   . . .      Faith    .   c - +0 kite shield
rNeg    . . .      Spirit   .   b - +0 leather armour
rPois   .          Reflect  .   (no helmet)
rElec   .          Harm     .   d - +0 cloak
rCorr   .          Rampage  .   (no gloves)
Will    .....                   (no boots)
Stlth   +.........              (no amulet)
HPRegen 0.11/turn               (no ring)
MPRegen 0.10/turn               (no ring)

@: mighty, attractive
A: fangs 1, strong nose, distributed training
a: Renounce Religion, Depart the Abyss


You were on level 2 of the Dungeon.
You worshipped Lugonu.
Lugonu was aware of your devotion.
You visited 1 branch of the dungeon, and saw 2 of its levels.
You visited the Abyss 1 time.

You collected 83 gold pieces.

Inventory:

Hand Weapons
 a - a +1 hand axe of freezing (weapon)
 h - a +1 dagger of electrocution
Armour
 b - a +0 leather armour (worn)
 c - a +0 kite shield (worn)
 d - a +0 cloak (worn)


   Skills:
 + Level 6.5 Fighting
 + Level 1.0 Short Blades
 + Level 1.0 Long Blades
 + Level 4.6 Axes
 + Level 1.0 Maces & Flails
 + Level 1.0 Polearms
 + Level 1.0 Staves
 + Level 1.0 Slings
 + Level 1.0 Bows
 + Level 1.0 Crossbows
 + Level 1.0 Throwing
 + Level 4.6 Armour
 + Level 2.6 Dodging
 + Level 1.0 Stealth
 + Level 1.0 Shields
 + Level 1.0 Unarmed Combat
 + Level 1.0 Spellcasting
 + Level 0.7 Conjurations
 + Level 0.7 Hexes
 + Level 0.7 Summonings
 + Level 0.7 Necromancy
 + Level 0.7 Translocations
 + Level 0.7 Transmutations
 + Level 0.7 Fire Magic
 + Level 0.7 Ice Magic
 + Level 0.7 Air Magic
 + Level 0.7 Earth Magic
 + Level 0.7 Poison Magic
 + Level 4.6 Invocations
 + Level 1.0 Evocations


You had 4 spell levels left.
You didn't know any spells.
Your spell library was empty.

Dungeon Overview and Level Annotations

Branches:
Dungeon (2/15)

Altars:

Shops:
D:2 =

Annotations:
D:2 Robin


Innate Abilities, Weirdness & Mutations

You have very sharp teeth.
Your uncanny sense of smell can sniff out nearby items.
Your experience applies equally to all skills.


Message History

Lugonu accepts your kill. Robin closely misses you.
A goblin comes into view. It is wielding a +0 club.
The kobold barely misses you. The goblin completely misses you.
The goblin hits you but does no damage.
A hobgoblin comes into view.
The goblin is attracted toward you. x2; The hobgoblin is attracted toward you.
Unknown command.
The kobold barely misses you. The goblin barely misses you.
The goblin misses you.
A goblin comes into view. It is wielding a +0 club.
Robin misses you.
A goblin comes into view. It is wielding a +0 dagger.
A hobgoblin comes into view.
The kobold barely misses you. The goblin hits you with a +0 club.
* * * LOW HITPOINT WARNING * * *
The goblin completely misses you. The goblin is attracted toward you. x2
The hobgoblin is attracted toward you.
Things that are here:
a +0 dagger; a goblin corpse Unknown command.
The goblin barely misses you. Robin throws the goblin at you!
The goblin misses you. The goblin completely misses you.
The goblin hits you with a +0 dagger.
* * * LOW HITPOINT WARNING * * *
The goblin completely misses you. x2; The hobgoblin is attracted toward you.
The goblin shouts!
You touch the goblin!
You kill the goblin!
Lugonu accepts your kill.
Your transformation has ended.
Your +1 hand axe of freezing unmelds from your body.
Your +0 cloak unmelds from your body.
Your +0 kite shield unmelds from your body.
Your +0 leather armour unmelds from your body.
Your +1 hand axe of freezing glows with a cold blue light!
You feel yourself speed up.
You hear a shout! x2
The kobold hits you with a +0 club.
You die...

#.....# #...# ......####
#.§.### # .........#
#..§.. .#
#<<...##.#####...####.#.
#....∩#.................
..............gg§<.....
##.#..#........gg.....
......##.###.†.gg)###.#
.........# #.#gK@.....#
#####.#### #.#.g.g#####
#.# #.#....# ..#
#.#....# ### .......#
#.#...## ##...## #....


You could see Robin, 2 hobgoblins, 6 goblins and a kobold.

Vanquished Creatures
  Natasha (D:2)
  A dart slug (D:1)
  2 endoplasms (D:1)
  A giant cockroach (D:1)
  4 goblins
  3 jackals (D:1)
  3 kobolds (D:1)
  A quokka (D:1)
  2 ball pythons (D:1)
  A bat (D:1)
  7 rats
26 creatures vanquished.

Notes
Turn   | Place    | Note
-------+----------+-------------------------------------------
     0 | Abyss:1  | Gargoyl the Gnoll Abyssal Knight began the quest for the
                  | Orb.
     0 | Abyss:1  | Reached XP level 1. HP: 23/23 MP: 3/3
    26 | Abyss:1  | Noticed an ancient zyme
   100 | Abyss:2  | Noticed a large abomination
   106 | Abyss:2  | Noticed a hellwing
   109 | D:1      | Escaped the Abyss
   274 | D:1      | Found a faded altar of an unknown god.
   627 | D:1      | Reached XP level 2. HP: 18/29 MP: 5/5
  1469 | D:1      | Reached * piety under Lugonu
  1470 | D:1      | Reached XP level 3. HP: 35/35 MP: 6/6
  1593 | D:2      | Found Doneegakim's Jewellery Shoppe.
  1615 | D:2      | Noticed Natasha
  1625 | D:2      | Noticed Robin
  1628 | D:2      | Killed Natasha
  1628 | D:2      | HP: 1/35 [goblin[Robin] (6)]
  1629 | D:2      | Reached skill level 1 in Short Blades
  1629 | D:2      | Reached skill level 1 in Long Blades
  1629 | D:2      | Reached skill level 1 in Maces & Flails
  1629 | D:2      | Reached skill level 1 in Polearms
  1629 | D:2      | Reached skill level 1 in Staves
  1629 | D:2      | Reached skill level 1 in Slings
  1629 | D:2      | Reached skill level 1 in Bows
  1629 | D:2      | Reached skill level 1 in Crossbows
  1629 | D:2      | Reached skill level 1 in Throwing
  1629 | D:2      | Reached skill level 1 in Stealth
  1629 | D:2      | Reached skill level 1 in Shields
  1629 | D:2      | Reached skill level 1 in Unarmed Combat
  1629 | D:2      | Reached skill level 1 in Spellcasting
  1629 | D:2      | Reached skill level 1 in Evocations
  1634 | D:2      | Slain by a kobold

Illustrated notes

Levels and vault maps discovered:
D:1:      wander_arrival_desolate, layout_loops_cross,
          chequers_ecumenical_altar_island
D:2:      layout_loops_cross, serial_shops, shop, uniq_robin, uniq_natasha

Skill      XL: |  1  2  3 |
---------------+----------+-----
Short Blades   | 1 |  1.0
Long Blades    | 1 |  1.0
Maces & Flails | 1 |  1.0
Polearms       | 1 |  1.0
Staves         | 1 |  1.0
Slings         | 1 |  1.0
Bows           | 1 |  1.0
Crossbows      | 1 |  1.0
Throwing       | 1 |  1.0
Stealth        | 1 |  1.0
Shields        | 1 |  1.0
Unarmed Combat | 1 |  1.0
Spellcasting   | 1 |  1.0
Evocations     | 1 |  1.0
Fighting       | |  6.5
Axes           | |  4.6
Armour         | |  4.6
Dodging        | |  2.6
Conjurations   | |  0.7
Hexes          | |  0.7
Summonings     | |  0.7
Necromancy     | |  0.7
Translocations | |  0.7
Transmutations | |  0.7
Fire Magic     | |  0.7
Ice Magic      | |  0.7
Air Magic      | |  0.7
Earth Magic    | |  0.7
Poison Magic   | |  0.7
Invocations    | |  4.6

Action                   || total
-------------------------++-------
Melee: Hand axe          ||    53
       Bite              ||     6
       Dagger            ||    15
       Unarmed           ||     9
Invok: Depart the Abyss  ||     1
  Use: Scroll            ||     4
       Potion            ||     3
Armor: Leather armour    ||    29
       Skin              ||     9
Dodge: Dodged            ||    75
Block: Kite shield       ||    26

Table legend: (Time is in decaauts)
 A = Elapsed time spent in this place.
 B = Non-inter-level travel time spent in this place.
 C = Inter-level travel time spent in this place.
 D = Time resting spent in this place.
 E = Time spent auto-exploring this place.
 F = Levels seen in this place.
 G = Mean time per level.
                   A        B        C        D        E       F      G
               +--------+--------+--------+--------+--------+-----+--------+
         Total |   1669 |   1636 |     33 |      0 |   1369 |   4 |  417.2 |
       Dungeon |   1560 |   1527 |     33 |      0 |   1309 |   2 |  780.0 |
         Abyss |    108 |    108 |      0 |      0 |     60 |   2 |   54.0 |
               +--------+--------+--------+--------+--------+-----+--------+

Top non-repeatable levels by time:
     D:1: 1510 daAuts
 Abyss:2: 62 daAuts
     D:2: 49 daAuts
 Abyss:1: 46 daAuts
